 Dungeon Crawl Stone Soup version 0.27.1-33-g824d729ab1 (webtiles) character file.

Game seed: 17410435859298184162

55 13raion the Chopper (level 3, -3/51 HPs)
             Began as a Minotaur Berserker on Dec 2, 2021.
             Was a Believer of Trog.
             Slain by a quokka (5 damage)
             ... on level 2 of the Dungeon.
             The game lasted 00:02:31 (1348 turns).

13raion the Chopper (Minotaur Berserker)            Turns: 1348, Time: 00:02:32

Health: -3/51      AC:  2    Str: 22    XL:     3   Next: 67%
Magic:  2/2        EV: 12    Int:  4    God:    Trog [**....]
Gold:   77         SH:  0    Dex: 15    Spells: 2/2 levels left

rFire    . . .     SeeInvis .   a - +0 hand axe
rCold    . . .     Faith    .   (no shield)
rNeg     . . .     Spirit   .   b - +0 animal skin
rPois    .         Reflect  .   (helmet restricted)
rElec    .         Harm     .   (no cloak)
rCorr    .         Rampage  .   (no gloves)
Will     .....                  (no boots)
Stlth    ..........             (no amulet)
HPRegen  0.17/turn              c - +6 ring of dexterity
MPRegen  0.08/turn              (no ring)

@: berserking, lethally poisoned (-3 -> -18), very quick
A: horns 2, retaliatory headbutt
a: Renounce Religion, Berserk, Trog's Hand


You were on level 2 of the Dungeon.
You worshipped Trog.
Trog was pleased with you.
You visited 1 branch of the dungeon, and saw 2 of its levels.

You collected 77 gold pieces.

Inventory:

Hand Weapons
 a - a +0 hand axe (weapon)
Armour
 b - a +0 animal skin (worn)
Jewellery
 c - a +6 ring of dexterity (left hand)
Scrolls
 d - a scroll of amnesia {unknown}
 e - a scroll of magic mapping {unknown}
 g - 2 scrolls of fog {unknown}
 h - a scroll of teleportation {unknown}
Potions
 f - a potion of degeneration {unknown}


   Skills:
 + Level 4.6 Fighting
 + Level 4.9 Axes
 - Level 2.4 Armour
 - Level 2.1 Dodging


You had 2 spell levels left.
You didn't know any spells.
Your spell library was empty.

Dungeon Overview and Level Annotations

Branches:
Dungeon (2/15)

Altars:


Innate Abilities, Weirdness & Mutations

You have a pair of horns on your head.
You reflexively headbutt those who attack you in melee.


Message History

You see here a ball python corpse.
You now have 77 gold pieces (gained 7).
A gnoll comes into view. It is wielding a +0 flail.
The gnoll shouts!
A gnoll comes into view. It is wielding a +0 halberd.
A gnoll comes into view. It is wielding a +1 whip of venom.
The gnoll shouts!
A quokka comes into view.
The gnoll shouts!
The gnoll closely misses you.
You barely miss the gnoll. You headbutt the gnoll.
The gnoll is moderately wounded.
The gnoll barely misses you. You furiously retaliate!
You headbutt the gnoll!
You kill the gnoll!
Trog accepts your kill. The gnoll hits you with a +0 halberd.
Things that are here:
a +0 flail; a gnoll corpse You closely miss the gnoll.
The gnoll closely misses you. You furiously retaliate!
You headbutt the gnoll! You hit the gnoll.
The gnoll is almost dead.
You hit the gnoll but do no damage.
The gnoll hits you with a +1 whip of venom.
You are poisoned.
The gnoll hits you with a +0 halberd!
You hit the gnoll but do no damage. You hit the gnoll.
You kill the gnoll!
Trog accepts your kill.
You can now call upon Trog for regeneration and willpower.
You feel very sick.
The gnoll hits you with a +1 whip of venom!
* * * LOW HITPOINT WARNING * * *
You are more poisoned.
A red film seems to cover your vision as you go berserk!
You feel yourself moving faster!
You feel mighty!
* * * LOW HITPOINT WARNING * * *
You feel very sick. The quokka bites you.
You die...

#..........# #.#
###...)......# #.#
#.......<....# #.#
#.########..######.#
# #..†.......
##.#.>...#.#
###....###....
####....### ...
#@...##.# .
#...rg#####.#
........# ..#
......... ###
......... .........#
........## ..##...##


You could see a gnoll and a quokka.

Vanquished Creatures
  2 gnolls (D:2)
  A dart slug (D:1)
  2 bats (D:1)
  4 endoplasms (D:1)
  2 giant cockroaches (D:1)
  3 jackals (D:1)
  3 ball pythons
  6 goblins
  3 kobolds (D:1)
  7 rats
33 creatures vanquished.

Notes
Turn   | Place    | Note
-------+----------+-------------------------------------------
     0 | D:1      | 13raion the Minotaur Berserker began the quest for the Orb.
     0 | D:1      | Reached XP level 1. HP: 19/19 MP: 0/0
     1 | D:1      | Noticed an electric eel
   104 | D:1      | Reached XP level 2. HP: 11/27 MP: 1/1
   957 | D:1      | Reached XP level 3. HP: 28/34 MP: 2/2
   965 | D:1      | Reached ** piety under Trog
  1132 | D:1      | Found a faded altar of an unknown god.
  1348 | D:2      | HP: 2/51 [poisoned by a gnoll]
  1348 | D:2      | Slain by a quokka

Illustrated notes

Levels and vault maps discovered:
D:1:      arrival_aquarium_a, layout_loops_corners,
          hellmonk_ecumenical_altar_arch_garden
D:2:      layout_rooms

Skill      XL: |  1 |
---------------+----+-----
Axes           | 4 |  4.9
Fighting       | 4 |  4.6
Armour         | |  2.4
Dodging        | |  2.1

Action                   || total
-------------------------++-------
Melee: Hand axe          ||    49
       Headbutt          ||     6
Invok: Berserk           ||     1
 Stab: Sleeping          ||     1
Armor: Animal skin       ||     9
Dodge: Dodged            ||    39
